 Dungeon Crawl Stone Soup version 0.20.1-1-g8b1a95d (webtiles) character file.

291 homeworkjunkie the Skirmisher (level 6, -13/56 HPs)
             Began as a Hill Orc Fighter on Nov 27, 2017.
             Killed by divine providence
             ... invoked by an orc priest
              (14 damage)
             ... on level 4 of the Dungeon.
             The game lasted 00:04:51 (2906 turns).

homeworkjunkie the Skirmisher (Hill Orc Fighter)    Turns: 2906, Time: 00:04:52

Health: -13/56     AC:  9    Str: 20    XL:     6   Next: 32%
Magic:  6/6        EV: 10    Int:  8    God:
Gold:   125        SH:  9    Dex: 11    Spells: 5/5 levels left

rFire    . . .     SeeInvis .   a - +0 war axe
rCold    . . .     Gourm    .   c - +0 shield
rNeg     . . .     Faith    .   b - +0 scale mail
rPois    .         Spirit   .   (no helmet)
rElec    .         Reflect  .   m - +0 cloak
rCorr    .         Harm     .   (no gloves)
MR       .....                  f - +0 pair of boots
Stlth    ..........             (no amulet)
Regen    0.2/turn               q - +3 ring of evasion
MPRegen  0.1/turn               p - ring of loudness (curse)

@: lethally poisoned (-13 -> -16)
A: no striking features
a: Convert to Beogh


You were on level 4 of the Dungeon.
You were not hungry.

You visited 1 branch of the dungeon, and saw 5 of its levels.

You collected 125 gold pieces.

Inventory:

Hand Weapons
 a - a +0 war axe (weapon)
Armour
 b - a +0 scale mail (worn)
 c - a +0 shield (worn)
 f - a +0 pair of boots (worn)
 m - a +0 cloak (worn)
Jewellery
 k - an uncursed ring of stealth
 p - a cursed ring of loudness (right hand)
 q - a +3 ring of evasion (left hand)
Scrolls
 o - 2 scrolls of fear
Potions
 e - a potion of flight
 g - 2 potions of curing
Comestibles
 d - 3 bread rations
 h - a royal jelly
 i - 5 fruits


   Skills:
 * Level 5.0 Fighting
 * Level 5.0 Axes
 * Level 4.4 Armour
 + Level 0.5 Dodging
 * Level 4.8 Shields


You had 5 spell levels left.
You didn't know any spells.

Dungeon Overview and Level Annotations

Branches:
Dungeon (5/15)
 Temple: D:4-7

Altars:
Ashenzari
Nemelex Xobeh
Qazlal
Vehumet
The Shining One

Shops:
D:4 !

Annotations:
D:4 Edmund


Message History

Edmund is heavily wounded.
Your shield prevents you from hitting the worker ant.
The worker ant closely misses you. Edmund hits you but does no damage.
You closely miss Edmund.
Edmund is heavily wounded.
Your shield and scale mail prevent you from hitting the worker ant.
The worker ant barely misses you. The worker ant closely misses you.
Edmund hits you with a flail of protection!
You barely miss Edmund.
Edmund is heavily wounded.
You hit the worker ant but do no damage.
The worker ant bites you.
* * * LOW HITPOINT WARNING * * *
You are poisoned.
The worker ant poisons you!
Edmund hits you with a flail of protection!
* * * LOW HITPOINT WARNING * * *
The orc priest mumbles some strange prayers to Beogh against you.
Beogh smites you!
You die...

#..................###..###
###.........##.............
#.........##.###.........
########.....##.....#....
#..#.(........#...
##....#............
##(.................
#.(#.###............ #.#@.#
#............ #o.@)a#
#............
..........##............
...........#.........###
.......)....#.........#
..........<.# ............#
........$..#


You could see Edmund, a worker ant and an orc priest.

Vanquished Creatures
  A hound (D:4)
  Crazy Yiuf (D:3)
  Terence (D:3)
  4 gnolls (D:2)
  7 adders
  An ooze (D:2)
  A worm (D:2)
  3 dart slugs
  4 leopard geckos (D:3)
  13 orcs
  2 giant cockroaches (D:3)
  8 hobgoblins
  11 jackals
  4 kobolds
  4 quokkas
  7 bats
  2 frilled lizards
  3 goblins
  3 rats
80 creatures vanquished.

Notes
Turn   | Place    | Note
-------+----------+-------------------------------------------
     0 | D:1      | homeworkjunkie the Hill Orc Fighter began the quest for the Orb.
     0 | D:1      | Reached XP level 1. HP: 19/19 MP: 1/1
   157 | D:3      | Reached XP level 2. HP: 27/27 MP: 2/2
   169 | D:3      | Noticed Terence
   183 | D:3      | Killed Terence
   183 | D:3      | Reached XP level 3. HP: 32/33 MP: 3/3
   442 | D:3      | Reached XP level 4. HP: 41/41 MP: 4/4
   495 | D:3      | Found a shattered altar of Ashenzari.
   662 | D:3      | Found a glowing golden altar of the Shining One.
   760 | D:3      | Found a runed door.
   764 | D:3      | Noticed Crazy Yiuf
   773 | D:3      | Killed Crazy Yiuf
  1273 | D:3      | Reached XP level 5. HP: 47/47 MP: 5/5
  1365 | D:4      | Found a sparkling altar of Nemelex Xobeh.
  1488 | D:2      | Found a stormy altar of Qazlal.
  2618 | D:4      | Reached XP level 6. HP: 55/55 MP: 6/6
  2790 | D:4      | Found a radiant altar of Vehumet.
  2814 | D:5      | Entered Level 5 of the Dungeon
  2860 | D:4      | Reached skill level 5 in Fighting
  2866 | D:4      | Found Soetad's Distillery.
  2881 | D:4      | Noticed Edmund
  2895 | D:4      | Reached skill level 5 in Axes
  2906 | D:4      | HP: 1/56 [Edmund/flail of protection (15)]
  2906 | D:4      | Killed from afar by an orc priest

Skill      XL: |  1  2  3  4  5  6 |
---------------+-------------------+-----
Fighting       | 4 5 |  5.0
Axes           | 3 4 5 |  5.0
Armour         | 4 |  4.4
Shields        | 4 |  4.8
Dodging        | |  0.5

Action                   |  1- 3 |  4- 6 || total
-------------------------+-------+-------++-------
Melee: War axe           |    41 |   227 ||   268
  Use: Potion            |     1 |     5 ||     6
       Scroll            |       |     8 ||     8
 Stab: Invisible         |       |     2 ||     2
  Eat: Bread ration      |       |     2 ||     2
Armor: Scale mail        |    16 |   130 ||   146
Dodge: Dodged            |    15 |   126 ||   141
Block: Shield            |    22 |   163 ||   185
